cohdb
Replays
Latest Replays
All Replays
Popular Replays
Top Player Replays
Match Explorer
How It Works
Community
CoH3 Stats
Reddit
Sign in to upload your games and track your stats! →
Sign in with Steam
Match 44544488
Unlisted
Match 44544488
Overview
Messages
Build Orders
End
Construct Barracks
Riflemen Squad
Riflemen Squad
Riflemen Squad
M1 Mortar Team
Construct Medical Station
Infantry Support Center
M1918 Browning Automatic Rifles
Selects Airborne Battlegroup
Selects Heavy Machine Gun Paradrop
Selects Paratrooper Squad Paradrop
Heavy Machine Gun Paradrop
Paratrooper Squad Paradrop
Grenade Package
Selects Anti-tank Gun Team Paradrop
Anti-tank Gun Team Paradrop
Engineer Squad
Selects Recon Loiter
Selects Supply Drop
Construct Tank Depot
M4A1 Sherman Medium Tank
M4A1 Sherman Medium Tank
Supply Drop
Selects Dual P-47 Rocket Strike
Selects Carpet Bombing Run
Carpet Bombing Run
Anti-tank Gun Team Paradrop
Recon Loiter
Carpet Bombing Run
Advanced Logistics
Genki
Tersy
0
0
Comments
sign in to comment!
No comments posted yet!